AoeStats
← Erickinio

Black Forest

508299943Analyzed
3v3 RM · 11d ago on Sep 21, 2026· 17m 28s· 6 players
Game mode
Random Map
Map size
Normal (6 player)
Population
200
Speed
Normal
Resources
Standard
Victory
Conquest
Starting age
Dark Age
Ending age
Imperial Age
RankedLock teamsTeams togetherTeam positionsShared explorationLock speedFull tech treeHidden civsTurbo modeCheats
Victory
Defeat
🇦🇷 Celts · Argentina
762
+15
🇲🇽 Bohemians · Mexico
751
+16
🇹🇷 Cumans · Türkiye
734
+16
🇫🇷 Slavs · France
759
-16
🇫🇷 Poles · France
747
-16
🇫🇷 Malians · France
728
-15
CALLATEprr@
1:08 Loom
13:08 Feudal Age
14:12 Man-at-Arms
16:48 Forging
Oguz CareVia
1:10 Loom
13:34 Feudal Age
14:37 Double-Bit Axe
14:44 Gold Mining
14:35 Horse Collar
14:48 Stone Mining
Erickinio
1:09 Loom
11:01 Feudal Age
13:17 Double-Bit Axe
13:56 Man-at-Arms
16:38 Forging
17:51 Scale Mail Armor
patrickbourdon447
15:35 Feudal Age
jordan72450
12:57 Feudal Age
13:39 Double-Bit Axe
14:58 Horse Collar
15:09 Gold Mining
BobyLaTeub40
0:47 Loom
15:52 Feudal Age
16:01 Man-at-Arms
Connection lost

Rejoining the realm…

Still unreachable

The connection could not be restored.

Session expired

The server has moved on; the page needs a fresh start.